 Dungeon Crawl Stone Soup version 0.24.0-123-gd5b16e6ec5 (webtiles) character file.

Game seed: 759979599680844211, levelgen mode: deterministic

62 Chiseanne the Magician (level 3, -3/27 HPs)
             Began as a Demonspawn Wanderer on Jan 24, 2020.
             Slain by a gnoll
             ... wielding a +0 spear
              (4 damage)
             ... on level 2 of the Dungeon.
             The game lasted 00:03:53 (1449 turns).

Chiseanne the Magician (Demonspawn Wanderer)        Turns: 1449, Time: 00:03:54

Health: -3/27      AC:  2    Str: 10    XL:     3   Next: 85%
Magic:  7/7        EV:  8    Int: 17    God:
Gold:   56         SH:  7    Dex: 11    Spells: 8/8 levels left

rFire    . . .     SeeInvis .   w - +0 hand crossbow
rCold    . . .     Gourm    .   b - +0 shield
rNeg     . . .     Faith    .   f - +0 robe
rPois    .         Spirit   .   (no helmet)
rElec    .         Reflect  .   (no cloak)
rCorr    .         Harm     .   (no gloves)
MR       .....                  (no boots)
Stlth    +.........             (no amulet)
HPRegen  0.09/turn              j - ring of wizardry
MPRegen  0.10/turn              (no ring)

@: no status effects
A: powered by death 1
a: no special abilities


You were on level 2 of the Dungeon.
You were not hungry.

You visited 1 branch of the dungeon, and saw 2 of its levels.

You collected 56 gold pieces.

Inventory:

Hand Weapons
 a - a +0 short sword
 w - a +0 hand crossbow (weapon)
Missiles
 c - a bolt (quivered)
 e - 41 arrows
 i - 17 poisoned darts
 l - 7 boomerangs
 m - 16 stones
Armour
 b - a +0 shield (worn)
 f - a +0 robe (worn)
Jewellery
 j - a ring of wizardry (left hand)
Scrolls
 d - a scroll of remove curse
Potions
 h - a potion of mutation {unknown}
 k - a potion of curing {unknown}
Comestibles
 g - 4 rations
 n - 3 chunks of flesh


   Skills:
 * Level 2.0 Fighting
   Level 1.7 Bows
 * Level 1.3 Crossbows
 - Level 1.0 Stealth
 * Level 1.9 Shields
 * Level 3.4 Spellcasting
   Level 1.7 Earth Magic


You had 8 spell levels left.
You didn't know any spells.
Your spell library was empty.

Dungeon Overview and Level Annotations

Branches:
Dungeon (2/15)

Altars:
Elyvilon


Innate Abilities, Weirdness & Mutations

You regenerate a little health from kills.


Message History

Firing (i - inventory. (/) - cycle)
c - 4 bolts (quivered)
Press: ? - help, Shift-Dir - straight line, f/p - gnoll
Aim: a gnoll, wielding a +0 spear (heavily wounded)
You shoot a bolt. The bolt closely misses the gnoll.
The gnoll hits you from afar with a +0 spear.
The gnoll hits you from afar with a +0 spear!
* * * LOW HITPOINT WARNING * * *
Firing (i - inventory. (/) - cycle)
c - 3 bolts (quivered)
Press: ? - help, Shift-Dir - straight line, f/p - gnoll
Aim: a gnoll, wielding a +0 spear (heavily wounded)
You shoot a bolt. The bolt hits the gnoll.
The gnoll is severely wounded.
The gnoll hits you from afar with a +0 spear.
* * * LOW HITPOINT WARNING * * *
Firing (i - inventory. (/) - cycle)
c - 2 bolts (quivered)
Press: ? - help, Shift-Dir - straight line, f/p - gnoll
Aim: a gnoll, wielding a +0 spear (severely wounded)
You shoot a bolt. The bolt barely misses the gnoll.
The gnoll hits you from afar with a +0 spear.
You die...

..............##[...# ##....#
..............##<...# #.....#
..............##(...# ##.....#
..............##....# ......#
..............#.(...###.#....#
..........####.(.#.###..#.<..#
..........# ##.#g#.###.##.####
..........# #(..(#.##.....#
..........###.#.@)......###
..........#...#.##..##.##
..............#.###.##.#
...........>###.# #.#..#
................# #.#.##
...........###..# #...
.#.........# #..# ####
...........####.# .#
.###............####### .#


You could see a gnoll.

Vanquished Creatures
  2 gnolls
  2 worms (D:2)
  A dart slug (D:1)
  A leopard gecko (D:1)
  2 giant cockroaches (D:1)
  2 goblins (D:1)
  4 hobgoblins
  4 jackals
  4 frilled lizards
  5 kobolds
  6 rats
33 creatures vanquished.

Notes
Turn   | Place    | Note
-------+----------+-------------------------------------------
     0 | D:1      | Chiseanne the Demonspawn Wanderer began the quest for the
                  | Orb.
     0 | D:1      | Chiseanne set off with the following items: a +0 hand
                  | crossbow, a +0 shield, 21 bolts, a +0 shortbow, 24 arrows,
                  | a +0 robe, a ration
     0 | D:1      | Reached XP level 1. HP: 15/15 MP: 4/4
   198 | D:1      | Gained mutation: You regenerate a little health from kills.
                  | [demonic ancestry]
   198 | D:1      | Reached XP level 2. HP: 21/21 MP: 6/6
   832 | D:2      | Reached skill level 1 in Crossbows
   872 | D:2      | Reached XP level 3. HP: 23/26 MP: 7/7
  1153 | D:2      | Found a white marble altar of Elyvilon.
  1448 | D:2      | HP: 1/27 [gnoll/+0 spear (6)]
  1449 | D:2      | Slain by a gnoll

Levels and vault maps discovered:
D:1:      dpeg_arrival_rooms_with_view, layout_loops_ring
D:2:      lemuel_upstairs_altar, layout_rooms, elyvilon_altar_3

Skill      XL: |  1  2  3 |
---------------+----------+-----
Crossbows      | 1 |  1.3
Fighting       | 2 |  2.0
Bows           | |  1.7
Stealth        | |  1.0
Shields        | |  1.9
Spellcasting   | |  3.4
Earth Magic    | |  1.7

Action                   || total
-------------------------++-------
Melee: Short sword       ||    45
 Fire: Hand crossbow     ||    74
  Use: Scroll            ||     5
  Eat: Chunk             ||     2
Armor: Robe              ||    13
Dodge: Dodged            ||    22
Block: Shield            ||    22
